SBL
FOOTSCRAY BULLDOGS @ SANDRINGHAM ZEBRAS
07/02/2022
 
TOP OF THE 1ST
Footscray Bulldogs batting - Pitching for Sandringham Zebras : RHP Kolton Pennifold
Pitching: RHP Kolton Pennifold
Batting: RHB Reg Dainty 0-0: Ball
1-0: Ball
2-0: Ball
3-0: Called Strike
3-1: Base on Balls
Batting: LHB Ben Honeyfield 0-0: Swinging Strike
0-1: Foul Ball, location: 2F
0-2: Ball
1-2: Foul Ball, location: 5FF
1-2: SINGLE (Groundball, 4D, EV 101.9 MPH)
Reg Dainty to second
Batting: RHB Bob Alley 0-0: Ball
1-0: Ball
2-0: Called Strike
2-1: Swinging Strike
2-2: Strikes out swinging
Batting: LHB Ethan Rymer 0-0: Ball
1-0: Called Strike
1-1: Grounds into double play, 5-4-3 (Groundball, 56, EV 91.9 MPH)
Top of the 1st over - 0 runs, 1 hit, 0 errors, 1 left on base; Footscray 0 - Sandringham 0
BOTTOM OF THE 1ST
Sandringham Zebras batting - Pitching for Footscray Bulldogs : RHP Ron Foster
Pitching: RHP Ron Foster
Batting: RHB Will Stock 0-0: Ball
1-0: Fly out, F8 (Flyball, 8RD, EV 105.0 MPH)
Batting: LHB Reegan Hinton 0-0: Ball
1-0: Called Strike
1-1: Ball
2-1: SINGLE (Line Drive, 89S, EV 103.8 MPH)
Batting: RHB Paul Stavely 0-0: Ball
1-0: Ball
Reegan Hinton steals 2nd base
2-0: Fly out, F9 (Flyball, 9S, EV 76.9 MPH)
Batting: RHB Ethan Gedge 0-0: Ball
1-0: Ball
2-0: Ball
3-0: Called Strike
3-1: Called Strike
3-2: Foul Ball, location: 2F
3-2: Foul Ball, location: 3F
3-2: Fly out, F7 (Line Drive, 7LS, EV 88.8 MPH)
Bottom of the 1st over - 0 runs, 1 hit, 0 errors, 1 left on base; Footscray 0 - Sandringham 0
TOP OF THE 2ND
Footscray Bulldogs batting - Pitching for Sandringham Zebras : RHP Kolton Pennifold
Batting: RHB Shaun Allora 0-0: Ball
1-0: Ball
2-0: Foul Ball, location: 2F
2-1: Called Strike
2-2: Foul Ball, location: 2F
2-2: Foul Ball, location: 5SF
2-2: Fly out, F7 (Flyball, 78M, EV 81.9 MPH)
Batting: RHB Kip Harris 0-0: Ball
1-0: Ball
2-0: DOUBLE (Flyball, 8LXD, EV 103.8 MPH)
Batting: RHB Marvin Fairchild 0-0: Ball
1-0: Ball
2-0: Called Strike
2-1: Ball
3-1: Foul Ball, location: 2F
3-2: SINGLE (Line Drive, 34D, EV 104.4 MPH)
Kip Harris to third
Batting: SHB Matt Brentnall 0-0: Called Strike
0-1: Called Strike
0-2: Fly out, F7 (Flyball, 78M, EV 92.5 MPH)
Batting: RHB Ray Donaldson 0-0: Ball
1-0: Called Strike
1-1: Fielders Choice at 2nd, 5-4 (Groundball, 56, EV 108.8 MPH)
Top of the 2nd over - 0 runs, 2 hits, 0 errors, 2 left on base; Footscray 0 - Sandringham 0
BOTTOM OF THE 2ND
Sandringham Zebras batting - Pitching for Footscray Bulldogs : RHP Ron Foster
Batting: LHB Roberto Hurtado 0-0: Called Strike
0-1: Ball
1-1: Ball
2-1: Called Strike
2-2: Foul Ball, location: 7LSF
2-2: Ball
3-2: Foul Ball, location: 5DF
3-2: Base on Balls
Batting: RHB Chris Leather 0-0: 2-RUN HOME RUN (Flyball, 89XD, EV 100.6 MPH), Distance : 404 ft
Batting: LHB Wesley Clemmet 0-0: Ball
1-0: Ground out U3 (Groundball, 3, EV 103.1 MPH)
Batting: RHB Jim Gibbs 0-0: Foul Ball, location: 9LDF
0-1: Fly out, F9 (Flyball, 9, EV 90.6 MPH)
Batting: RHB Ed Drinkall 0-0: Ball
1-0: Foul Ball, location: 3FF
1-1: SINGLE (Groundball, 6MD, EV 96.9 MPH)
Batting: RHB Will Stock 0-0: Ball
1-0: Ball
2-0: Called Strike
2-1: Foul Ball, location: 5SF
2-2: Ball
3-2: Strikes out looking
Bottom of the 2nd over - 2 runs, 2 hits, 0 errors, 1 left on base; Footscray 0 - Sandringham 2
TOP OF THE 3RD
Footscray Bulldogs batting - Pitching for Sandringham Zebras : RHP Kolton Pennifold
Batting: RHB Reg Dainty 0-0: Ball
1-0: Ball
2-0: Foul Ball, location: 9LMF
2-1: SINGLE (Groundball, 6MD, EV 93.8 MPH)
Batting: LHB Ben Honeyfield 0-0: SINGLE (Groundball, 34D, EV 110.0 MPH)
Reg Dainty to second
Runner from 2nd tries for 3rd, SAFE, throw by RF made to third
Ben Honeyfield to second
Batting: RHB Bob Alley 0-0: Ball
1-0: Ball
2-0: Swinging Strike
2-1: Swinging Strike
2-2: Strikes out looking
Batting: LHB Ethan Rymer 0-0: Called Strike
0-1: Ball
1-1: Called Strike
1-2: Fly out, F9 (Flyball, 9LD, EV 106.3 MPH)
Runner from 3rd tags up, SCORES, throw by RF
Batting: RHB Shaun Allora 0-0: Called Strike
0-1: Ball
1-1: Ball
2-1: Ball
3-1: Fly out, F7 (Flyball, 7D, EV 81.9 MPH)
Top of the 3rd over - 1 run, 2 hits, 0 errors, 1 left on base; Footscray 1 - Sandringham 2
BOTTOM OF THE 3RD
Sandringham Zebras batting - Pitching for Footscray Bulldogs : RHP Ron Foster
Batting: LHB Reegan Hinton 0-0: Ball
1-0: SINGLE (Line Drive, 78S, EV 105.6 MPH)
Batting: RHB Paul Stavely 0-0: Ball
1-0: Fly out, F9 (Flyball, 9D, EV 105.6 MPH)
Batting: RHB Ethan Gedge 0-0: Called Strike
0-1: Swinging Strike
0-2: Ball
1-2: Ball
2-2: TRIPLE (Flyball, 78XD, EV 91.3 MPH)
Reegan Hinton scores
Batting: LHB Roberto Hurtado 0-0: Ball
1-0: Ball
2-0: Fly out, F4 (Popup, 4S, EV 72.5 MPH)
Batting: RHB Chris Leather 0-0: Ball
1-0: Ball
2-0: DOUBLE (Flyball, 9D, EV 103.1 MPH)
Ethan Gedge scores
Batting: LHB Wesley Clemmet 0-0: Ball
1-0: SINGLE (Groundball, 34D, EV 97.5 MPH)
Chris Leather to third
Runner from 3rd tries for Home, throw by RF and OUT! 9-2
Bottom of the 3rd over - 2 runs, 4 hits, 0 errors, 1 left on base; Footscray 1 - Sandringham 4
TOP OF THE 4TH
Footscray Bulldogs batting - Pitching for Sandringham Zebras : RHP Kolton Pennifold
Batting: RHB Kip Harris 0-0: Foul Ball, location: 25F
0-1: Foul Ball, location: 23F
0-2: Ground out 6-3 (Groundball, 56, EV 88.1 MPH)
Batting: RHB Marvin Fairchild 0-0: Ball
1-0: Foul Ball, location: 9LSF
1-1: SINGLE (Line Drive, 34D, EV 96.3 MPH)
Batting: SHB Matt Brentnall 0-0: Called Strike
0-1: Called Strike
0-2: Foul Ball, location: 2F
0-2: Strikes out swinging
Batting: RHB Ray Donaldson 0-0: Swinging Strike
0-1: Foul Ball, location: 5FF
0-2: Strikes out looking
Top of the 4th over - 0 runs, 1 hit, 0 errors, 1 left on base; Footscray 1 - Sandringham 4
BOTTOM OF THE 4TH
Sandringham Zebras batting - Pitching for Footscray Bulldogs : RHP Ron Foster
Batting: RHB Jim Gibbs 0-0: Foul Ball, location: 23F
0-1: Ball
1-1: Fly out, F8 (Flyball, 8LXD, EV 95.6 MPH)
Batting: RHB Ed Drinkall 0-0: Called Strike
0-1: Foul Ball, location: 2F
0-2: Ball
1-2: Fly out, F7 (Flyball, 7, EV 97.5 MPH)
Batting: RHB Will Stock 0-0: SINGLE (Groundball, 4MD, EV 96.3 MPH)
Batting: LHB Reegan Hinton 0-0: Called Strike
Will Stock is caught stealing 2nd base 2-6
Bottom of the 4th over - 0 runs, 1 hit, 0 errors, 0 left on base; Footscray 1 - Sandringham 4
TOP OF THE 5TH
Footscray Bulldogs batting - Pitching for Sandringham Zebras : RHP Kolton Pennifold
Batting: RHB Reg Dainty 0-0: Ground out 6-3 (Groundball, 6, EV 81.9 MPH)
Batting: LHB Ben Honeyfield 0-0: Ground out 4-3 (Groundball, 4, EV 92.5 MPH)
Batting: RHB Bob Alley 0-0: Ball
1-0: Ball
2-0: Ball
3-0: Base on Balls
Batting: LHB Ethan Rymer 0-0: Foul Ball, location: 2LF
0-1: Called Strike
0-2: Ball
1-2: Foul Ball, location: 9LMF
1-2: Ball
2-2: Strikes out swinging
Top of the 5th over - 0 runs, 0 hits, 0 errors, 1 left on base; Footscray 1 - Sandringham 4
BOTTOM OF THE 5TH
Sandringham Zebras batting - Pitching for Footscray Bulldogs : RHP Ron Foster
Batting: LHB Reegan Hinton 0-0: Ball
1-0: Ball
2-0: Foul Ball, location: 9LSF
2-1: Swinging Strike
2-2: Foul Ball, location: 2F
2-2: Ball
3-2: Base on Balls
Batting: RHB Paul Stavely 0-0: Ball
Reegan Hinton is caught stealing 2nd base 2-4
1-0: Ball
2-0: Foul Ball, location: 5FF
2-1: Ground out 5-3 (Groundball, 56, EV 88.1 MPH)
Batting: RHB Ethan Gedge 0-0: Called Strike
0-1: Foul Ball, location: 5F
0-2: Ball
1-2: Strikes out swinging
Bottom of the 5th over - 0 runs, 0 hits, 0 errors, 0 left on base; Footscray 1 - Sandringham 4
TOP OF THE 6TH
Footscray Bulldogs batting - Pitching for Sandringham Zebras : RHP Kolton Pennifold
Batting: RHB Shaun Allora 0-0: Called Strike
0-1: Swinging Strike
0-2: Fly out, F3 (Popup, 3S, EV 77.5 MPH)
Batting: RHB Kip Harris 0-0: Ball
1-0: Swinging Strike
1-1: Ball
2-1: Ball
3-1: Base on Balls
Batting: RHB Marvin Fairchild 0-0: Foul Ball, location: 9LSF
0-1: Ball
1-1: Foul Ball, location: 2F
1-2: Ball
2-2: Grounds into double play, 2-6-3 (Groundball, 2R, EV 63.8 MPH)
Top of the 6th over - 0 runs, 0 hits, 0 errors, 0 left on base; Footscray 1 - Sandringham 4
BOTTOM OF THE 6TH
Sandringham Zebras batting - Pitching for Footscray Bulldogs : RHP Ron Foster
Batting: LHB Roberto Hurtado 0-0: Ground out 4-3 (Groundball, 4S, EV 86.9 MPH)
Batting: RHB Chris Leather 0-0: Called Strike
0-1: Foul Ball, location: 5SF
0-2: Foul Ball, location: 7LSF
0-2: Ball
1-2: Ball
2-2: Ball
3-2: Base on Balls
Batting: LHB Wesley Clemmet 0-0: Ball
1-0: Fly out, F7 (Flyball, 7D, EV 100.6 MPH)
Batting: RHB Jim Gibbs 0-0: Called Strike
0-1: Ball
1-1: Ball
2-1: Ground out 4-3 (Groundball, 4, EV 108.1 MPH)
Bottom of the 6th over - 0 runs, 0 hits, 0 errors, 1 left on base; Footscray 1 - Sandringham 4
TOP OF THE 7TH
Footscray Bulldogs batting - Pitching for Sandringham Zebras : RHP Kolton Pennifold
Batting: SHB Matt Brentnall 0-0: Called Strike
0-1: Foul Ball, location: 2F
0-2: Ball
1-2: Foul Ball, location: 7LSF
1-2: Foul Ball, location: 2F
1-2: Strikes out swinging
Batting: RHB Ray Donaldson 0-0: Called Strike
0-1: Foul Ball, location: 7LMF
0-2: Foul Ball, location: 25FF
0-2: Hit by Pitch
Pitching: RHP Tristin Forryan
Batting: RHB Reg Dainty 0-0: Called Strike
0-1: Foul Ball, location: 23FF
0-2: Foul Ball, location: 9LSF
0-2: Ball
1-2: Fly out, F3 (Popup, 3SF, EV 86.3 MPH)
Batting: LHB Ben Honeyfield 0-0: Called Strike
Ray Donaldson steals 2nd, throwing error, E2
Ray Donaldson to third
0-1: Ball
1-1: Foul Ball, location: 5FF
1-2: Foul Ball, location: 2F
1-2: Ball
2-2: Foul Ball, location: 7LMF
2-2: Foul Ball, location: 2F
2-2: Ground out 5-3 (Groundball, 56, EV 100.6 MPH)
Top of the 7th over - 0 runs, 0 hits, 1 error, 1 left on base; Footscray 1 - Sandringham 4
BOTTOM OF THE 7TH
Sandringham Zebras batting - Pitching for Footscray Bulldogs : RHP Ron Foster
Batting: RHB Ed Drinkall 0-0: Called Strike
0-1: Foul Ball, location: 3F
0-2: Ground out 4-3 (Groundball, 4, EV 101.3 MPH)
Batting: RHB Will Stock 0-0: Ball
1-0: Ball
2-0: Foul Ball, location: 23F
2-1: DOUBLE (Line Drive, 7LM, EV 104.4 MPH)
Pitching: RHP John Whiteley
Batting: LHB Reegan Hinton 0-0: Ball
1-0: Fly out, F8 (Flyball, 78D, EV 100.0 MPH)
Batting: RHB Paul Stavely 0-0: Ball
1-0: Ball
2-0: Ball
3-0: Called Strike
3-1: Hit by Pitch
Batting: RHB Ethan Gedge 0-0: Called Strike
0-1: Fielders Choice at 2nd, 6-4 (Groundball, 56, EV 90.0 MPH)
Bottom of the 7th over - 0 runs, 1 hit, 0 errors, 2 left on base; Footscray 1 - Sandringham 4
TOP OF THE 8TH
Footscray Bulldogs batting - Pitching for Sandringham Zebras : RHP Tristin Forryan
Batting: RHB Bob Alley 0-0: Ball
1-0: Ball
2-0: Foul Ball, location: 9LMF
2-1: Ball
3-1: Called Strike
3-2: Fly out, F8 (Flyball, 8LD, EV 93.1 MPH)
Pitching: LHP Larry Blinkhorn
Batting: LHB Ethan Rymer 0-0: Ball
1-0: Fly out, F6 (Popup, 6MD, EV 55.0 MPH)
Batting: RHB Shaun Allora 0-0: Ball
1-0: Ball
2-0: SOLO HOME RUN (Flyball, 78XD, EV 106.9 MPH), Distance : 409 ft
Batting: RHB Kip Harris 0-0: Ball
1-0: Called Strike
1-1: Ball
2-1: Ball
3-1: Base on Balls
Batting: RHB Marvin Fairchild 0-0: Ball
1-0: Foul Ball, location: 2F
1-1: Swinging Strike
1-2: Ball
2-2: Strikes out swinging
Top of the 8th over - 1 run, 1 hit, 0 errors, 1 left on base; Footscray 2 - Sandringham 4
BOTTOM OF THE 8TH
Sandringham Zebras batting - Pitching for Footscray Bulldogs : RHP John Whiteley
Batting: LHB Roberto Hurtado 0-0: Foul Ball, location: 5FF
0-1: Foul Ball, location: 5F
0-2: Ball
1-2: Strikes out swinging
Batting: RHB Chris Leather 0-0: Ball
1-0: Foul Ball, location: 9LSF
1-1: Ball
2-1: Swinging Strike
2-2: Ball
3-2: Base on Balls
Batting: LHB Wesley Clemmet 0-0: Ball
1-0: Called Strike
1-1: Foul Ball, location: 5SF
1-2: Ball
2-2: Ball
3-2: SINGLE (Groundball, 6MD, EV 98.8 MPH)
Chris Leather to second
Pitching: RHP Rex Williams
Batting: RHB Jim Gibbs 0-0: Ball
1-0: Called Strike
1-1: Ground out 6-3 (Groundball, 6MD, EV 97.5 MPH)
Chris Leather to third
Wesley Clemmet to second
Batting: RHB Ed Drinkall 0-0: Foul Ball, location: 2F
0-1: Foul Ball, location: 2LF
0-2: Ball
1-2: 3-RUN HOME RUN (Flyball, 78XD, EV 105.6 MPH), Distance : 417 ft
Batting: RHB Will Stock 0-0: Ball
1-0: Called Strike
1-1: Ball
2-1: Swinging Strike
2-2: Strikes out swinging
Bottom of the 8th over - 3 runs, 2 hits, 0 errors, 0 left on base; Footscray 2 - Sandringham 7
TOP OF THE 9TH
Footscray Bulldogs batting - Pitching for Sandringham Zebras : LHP Larry Blinkhorn
Batting: SHB Matt Brentnall 0-0: Ball
1-0: Called Strike
1-1: Foul Ball, location: 23F
1-2: Fly out, F3 (Popup, 3SF, EV 80.0 MPH)
Batting: RHB Ray Donaldson 0-0: SINGLE (Flyball, 34D, EV 85.6 MPH)
Batting: RHB Reg Dainty 0-0: SINGLE (Line Drive, 9LS, EV 100.6 MPH)
Ray Donaldson to second
Batting: LHB Ben Honeyfield 0-0: Ball
1-0: Ball
2-0: Ball
3-0: Base on Balls
Ray Donaldson to third
Reg Dainty to second
Batting: RHB Bob Alley 0-0: Ball
1-0: Foul Ball, location: 2F
1-1: Foul Ball, location: 2F
1-2: Grounds into fielders choice 5-2 (Groundball, 5, EV 87.5 MPH)
Reg Dainty to third
Ben Honeyfield to second
Pinch Hitting: RHB Brad Angwin 0-0: Ball
1-0: GRAND SLAM HOME RUN (Flyball, 7D, EV 96.9 MPH), Distance : 400 ft
Pitching: LHP Donny Bremner
Batting: RHB Shaun Allora 0-0: Foul Ball, location: 5F
0-1: Foul Ball, location: 3FF
0-2: Ball
1-2: SINGLE (Groundball, 6MD, EV 99.4 MPH)
Batting: RHB Kip Harris 0-0: Called Strike
0-1: Ball
1-1: Fly out, F7 (Flyball, 7LM, EV 78.8 MPH)
Top of the 9th over - 4 runs, 4 hits, 0 errors, 1 left on base; Footscray 6 - Sandringham 7
Thursday, May 2nd , 2024 - OOTP Baseball 24.9 Build 80